 Dungeon Crawl Stone Soup version 0.29-a0-284-gf9362112df (webtiles) character file.

Game seed: 9483946791764650347

12 Hubjo the Vexing (level 2, -2/20 HPs)
             Began as a Demonspawn Enchanter on Mar 28, 2022.
             Was a Follower of Okawaru.
             Slain by a kobold
             ... wielding a +0 dagger
              (3 damage)
             ... on level 1 of the Dungeon.
             The game lasted 00:01:22 (445 turns).

Hubjo the Vexing (Demonspawn Enchanter)              Turns: 445, Time: 00:01:23

Health: -2/20      AC:  2    Str:  8    XL:     2   Next: 20%
Magic:  5/5        EV:  9    Int: 16    God:    Okawaru [*.....]
Gold:   18         SH:  0    Dex: 13    Spells: 5/5 levels left

rFire   . . .      SeeInvis .   a - +1 dagger
rCold   . . .      Faith    .   (no shield)
rNeg    . . .      Spirit   .   b - +0 robe
rPois   .          Reflect  .   (no helmet)
rElec   .          Harm     .   (no cloak)
rCorr   .          Rampage  .   (no gloves)
Will    .....                   (no boots)
Stlth   +.........              (no amulet)
HPRegen 0.06/turn               (no ring)
MPRegen 0.09/turn               (no ring)

@: silenced, constricted
A: ignite blood 1
a: Renounce Religion


You were on level 1 of the Dungeon.
You worshipped Okawaru.
Okawaru was aware of your devotion.
You visited 1 branch of the dungeon, and saw 1 of its levels.

You collected 18 gold pieces.

Inventory:

Hand Weapons
 a - a +1 dagger (weapon)
Armour
 b - a +0 robe (worn)
Scrolls
 f - a scroll of enchant weapon {unknown}
 g - a scroll of blinking {unknown}
 h - a scroll of fog
Potions
 c - 2 potions of invisibility


   Skills:
 * Level 0.9 Fighting
 - Level 0.8 Short Blades
 - Level 1.7 Dodging
 * Level 3.0 Stealth
 + Level 2.1 Spellcasting
 + Level 3.1 Hexes


You had 5 spell levels left.
You didn't know any spells.
Your spell library contained the following spells:

 Spells                   Type           Power      Damage    Failure   Level
 Ensorcelled Hibernation  Hex/Ice        12%        N/A       16%         2
 Confusing Touch          Hex            11%        N/A       17%         3
 Sting                    Tmut/Pois      4%         1d3       21%         1
 Dazzling Flash           Conj/Hex       12%        N/A       32%         3
 Tukima's Dance           Hex            Unusable   N/A       N/A         3

Dungeon Overview and Level Annotations

Branches:
Dungeon (1/15)

Altars:
Okawaru


Innate Abilities, Weirdness & Mutations

Your demonic aura sometimes causes spilled blood to erupt in flames.


Message History

You are too injured to fight recklessly!
You are too injured to fight recklessly!
You hit the hobgoblin but do no damage. The hobgoblin barely misses you.
The kobold hits you with a +0 dagger. The rat bites you.
* * * LOW HITPOINT WARNING * * *
The ball python barely misses you. The ball python constricts you.
You hit the hobgoblin but do no damage. The rat closely misses you.
The kobold hits you but does no damage. The hobgoblin hits you.
* * * LOW HITPOINT WARNING * * *
The ball python closely misses you. The ball python constricts you.
* * * LOW HITPOINT WARNING * * *
It was a potion of heal wounds.
You feel much better.
The ball python bites you but does no damage.
The ball python constricts you. The kobold hits you with a +0 dagger.
The rat bites you. The hobgoblin barely misses you.
As you read the scroll labelled TIUMES LINOWN, it crumbles to dust.
The scroll dissolves into smoke.
It was a scroll of fog.
The ball python bites you but does no damage.
The ball python constricts you. The kobold barely misses you.
The hobgoblin barely misses you. The rat bites you.
You barely miss the hobgoblin.
The ball python bites you but does no damage.
The ball python constricts you. The kobold barely misses you.
The rat barely misses you. The hobgoblin hits you.
The ball python closely misses you. The ball python constricts you.
You barely miss the hobgoblin. The rat bites you.
The kobold hits you but does no damage. The hobgoblin hits you.
The ball python barely misses you. The ball python constricts you.
You hit the hobgoblin.
The hobgoblin is almost dead.
The hobgoblin hits you.
* * * LOW HITPOINT WARNING * * *
The kobold barely misses you. The rat bites you.
* * * LOW HITPOINT WARNING * * *
The ball python closely misses you. The ball python constricts you.
* * * LOW HITPOINT WARNING * * *
As you read the scroll labelled DAGRIE WUCEUBA, it crumbles to dust.
A profound silence engulfs you.
It was a scroll of silence.
The hobgoblin barely misses you. The kobold hits you with a +0 dagger.
You die...

#.......###..# .).
#............. ..
#.......###..# ..
####...## #... #.
####..### #..# #..
##....## ##.^.
#####§###§.#### #..._
.....§r#§§## #....
#.bS@g## #####...#
#.§##K§.....#.......P
#§ ##§............^#
.. .............^( ##
..............#
...............
..............#
.............
........##


You could see a hobgoblin, a bat, a ball python, a kobold and a rat.

Vanquished Creatures
  A dart slug (D:1)
  A bat (D:1)
  An endoplasm (D:1)
  2 giant cockroaches (D:1)
  A goblin (D:1)
  A hobgoblin (D:1)
  2 frilled lizards (D:1)
9 creatures vanquished.

Notes
Turn   | Place    | Note
-------+----------+-------------------------------------------
     0 | D:1      | Hubjo the Demonspawn Enchanter began the quest for the Orb.
     0 | D:1      | Reached XP level 1. HP: 13/13 MP: 3/3
   320 | D:1      | Found a faded altar of an unknown god.
   343 | D:1      | Gained mutation: Your demonic aura sometimes causes spilled
                  | blood to erupt in flames. [demonic ancestry]
   343 | D:1      | Reached XP level 2. HP: 18/20 MP: 5/5
   378 | D:1      | Got Plato's Guide on Changing
   379 | D:1      | Prayed at the altar of an unknown god.
   379 | D:1      | Became a worshipper of Warmaster Okawaru
   379 | D:1      | Reached * piety under Okawaru
   444 | D:1      | HP: 1/20 [constriction (1)]
   445 | D:1      | Slain by a kobold

Illustrated notes

Levels and vault maps discovered:
D:1:      minmay_arrival_up_and_down, layout_rooms,
          shapermc_ecumenical_altar_rom_forum, minmay_octomino_c4

Skill      XL: |  1  2 |
---------------+-------+-----
Stealth        | 3 |  3.0
Fighting       | |  0.9
Short Blades   | |  0.8
Dodging        | |  1.7
Spellcasting   | |  2.1
Hexes          | |  3.1

Action                   || total
-------------------------++-------
Melee: Dagger            ||    42
       Punch             ||     1
  Use: Scroll            ||     2
       Potion            ||     1
 Stab: Sleeping          ||     2
Armor: Robe              ||    14
Dodge: Dodged            ||    38

Table legend: (Time is in decaauts)
 A = Elapsed time spent in this place.
 B = Non-inter-level travel time spent in this place.
 C = Inter-level travel time spent in this place.
 D = Time resting spent in this place.
 E = Time spent auto-exploring this place.
 F = Levels seen in this place.
 G = Mean time per level.
                   A        B        C        D        E       F      G
               +--------+--------+--------+--------+--------+-----+--------+
         Total |    443 |    430 |     13 |      0 |    337 |   1 |  443.0 |
       Dungeon |    443 |    430 |     13 |      0 |    337 |   1 |  443.0 |
               +--------+--------+--------+--------+--------+-----+--------+

Top non-repeatable levels by time:
     D:1: 443 daAuts
